 Dungeon Crawl Stone Soup version 0.26-a0-612-gd4d190f45e (webtiles) character file.

Game seed: 13791068834610328689

95 DogServant the Sneak (level 4, 0/21 HPs)
             Began as a Spriggan Enchanter on Sept 10, 2020.
             Slain by a goblin
             ... wielding a +0 dagger
              (4 damage)
             ... on level 3 of the Dungeon.
             The game lasted 00:06:58 (3124 turns).

DogServant the Sneak (Spriggan Enchanter)           Turns: 3124, Time: 00:06:59

Health: 0/21       AC:  2    Str:  4    XL:     4   Next: 40%
Magic:  9/9        EV: 20    Int: 16    God:
Gold:   114        SH:  0    Dex: 17    Spells: 4/8 levels left

rFire    . . .     SeeInvis +   a - +1 dagger
rCold    . . .     Faith    .   (shield restricted)
rNeg     . . .     Spirit   .   b - +0 robe
rPois    .         Reflect  .   (helmet restricted)
rElec    .         Harm     .   (no cloak)
rCorr    .                      (gloves unavailable)
MR       .....                  (boots unavailable)
Stlth    ++++......             (no amulet)
HPRegen  0.07/turn              (no ring)
MPRegen  0.11/turn              (no ring)

@: very quick
A: very small, unfitting armour, see invisible, speed 3
a: no special abilities


You were on level 3 of the Dungeon.
You visited 1 branch of the dungeon, and saw 3 of its levels.

You collected 114 gold pieces.

Inventory:

Hand Weapons
 a - a +1 dagger (weapon)
Armour
 b - a +0 robe (worn)
Jewellery
 e - an uncursed amulet of faith {unknown}
 f - an uncursed amulet of faith {unknown}
Scrolls
 k - 2 scrolls of identify {unknown}
 l - 2 scrolls of enchant armour {unknown}
Potions
 c - a potion of lignification {unknown}
 d - a potion of curing
 g - 2 potions of degeneration {unknown}
 h - 2 potions of berserk rage {unknown}
 i - 2 potions of might {unknown}
 j - 3 potions of heal wounds {unknown}
 m - 2 potions of stabbing {unknown}


   Skills:
 - Level 1.1 Short Blades
 + Level 4.6 Dodging
 * Level 7.1 Stealth
 - Level 2.6 Spellcasting
 - Level 3.6 Hexes


You had 4 spell levels left.
You knew the following spells:

 Your Spells              Type           Power        Failure   Level
a - Corona                Hex            ##.....      4%          1
b - Confusing Touch       Hex            ##......     13%         3

Your spell library contained the following spells:

 Spells                   Type           Power        Failure   Level
 Tukima's Dance           Hex            ##......     13%         3
 Ensorcelled Hibernation  Hex/Ice        #.....       14%         2
 Dazzling Flash           Conj/Hex       #.....       28%         3


Dungeon Overview and Level Annotations

Branches:
Dungeon (3/15)

Altars:
Wu Jian


Innate Abilities, Weirdness & Mutations

You are very small and have problems with some larger weapons.
You are too small for most types of armour.
You have supernaturally acute eyesight. (SInv)
You cover ground extremely quickly.


Message History

The goblin is moderately wounded.
The goblin hits you with a +0 dagger. The goblin completely misses you.
You hit the bat.
You kill the bat!
The goblin hits you with a +0 dagger. x2
You barely miss the goblin.
The goblin is moderately wounded.
The goblin completely misses you. The goblin barely misses you.
You hit the goblin.
The goblin is heavily wounded.
The goblin closely misses you. The goblin hits you with a +0 dagger.
You closely miss the goblin.
The goblin is heavily wounded.
The goblin hits you with a +0 dagger.
* * * LOW HITPOINT WARNING * * *
The goblin hits you with a +0 dagger.
* * * LOW HITPOINT WARNING * * *
There is a stone staircase leading up here.
The goblin hits you with a +0 dagger.
You die...

#########
#.......#
#.....!.#
#...@...#
#...gg..#
#.......#
#.......#
#.......#
#....?..#
#.........
#........#.
.....####.#
..


You could see 2 goblins.

Vanquished Creatures
  Jessica (D:2)
  2 adders
  An ooze (D:2)
  6 bats
  4 giant cockroaches
  6 goblins
  6 hobgoblins
  2 jackals (D:2)
  A quokka (D:2)
  A ball python (D:1)
  4 frilled lizards
  6 kobolds
  5 rats
45 creatures vanquished.

Notes
Turn   | Place    | Note
-------+----------+-------------------------------------------
     0 | D:1      | DogServant the Spriggan Enchanter began the quest for the
                  | Orb.
     0 | D:1      | Reached XP level 1. HP: 9/9 MP: 5/5
   135 | D:1      | Reached skill level 5 in Stealth
   293 | D:1      | Reached XP level 2. HP: 13/13 MP: 6/6
  1469 | D:1      | Reached skill level 6 in Stealth
  1469 | D:1      | Reached XP level 3. HP: 7/16 MP: 6/8
  1760 | D:2      | Noticed Jessica
  2263 | D:2      | Learned a level 3 spell: Confusing Touch
  2284 | D:2      | Killed Jessica
  2484 | D:2      | Reached XP level 4. HP: 21/21 MP: 9/9
  2754 | D:2      | Found a faded altar of an unknown god.
  2836 | D:2      | Found an ornate altar of the Wu Jian Council.
  2924 | D:2      | Reached skill level 7 in Stealth
  3124 | D:3      | Slain by a goblin

Illustrated notes

Levels and vault maps discovered:
D:1:      sevenhm_arrival_forest_fort_small_5, layout_basic, minmay_pentomino_z4
D:2:      layout_basic, lemuel_doored_altar, chequers_ecumenical_altar_island,
          uniq_jessica
D:3:      layout_rooms

Skill      XL: |  1  2  3  4 |
---------------+-------------+-----
Stealth        | 5 6 7 |  7.1
Dodging        | 4 |  4.6
Short Blades   | |  1.1
Spellcasting   | |  2.6
Hexes          | |  3.6

Action                   |  1- 3 |  4- 6 || total
-------------------------+-------+-------++-------
Melee: Dagger            |   160 |    45 ||   205
 Cast: Corona            |     8 |       ||     8
       Confusing Touch   |     1 |       ||     1
  Use: Potion            |     1 |       ||     1
       Scroll            |     1 |       ||     1
 Stab: Distracted        |     1 |       ||     1
       Sleeping          |     8 |     9 ||    17
       Confused          |     1 |       ||     1
Armor: Robe              |     9 |     2 ||    11
Dodge: Dodged            |   118 |    39 ||   157

Table legend: (Time is in decaauts)
 A = Elapsed time spent in this place.
 B = Non-inter-level travel time spent in this place.
 C = Inter-level travel time spent in this place.
 D = Time resting spent in this place.
 E = Time spent auto-exploring this place.
 F = Levels seen in this place.
 G = Mean time per level.
                   A        B        C        D        E       F      G
               +--------+--------+--------+--------+--------+-----+--------+
         Total |   2578 |   2533 |     45 |    875 |   1225 |   3 |  859.3 |
       Dungeon |   2578 |   2533 |     45 |    875 |   1225 |   3 |  859.3 |
               +--------+--------+--------+--------+--------+-----+--------+

Top non-repeatable levels by time:
     D:1: 1790 daAuts
     D:2: 771 daAuts
     D:3: 16 daAuts
